 Dungeon Crawl Stone Soup version 0.29.1-4-g47bece8355 (webtiles) character file.

Game seed: 5992927412643893535

113 p00ps00p the Trooper (level 4, -2/41 HPs)
             Began as a Hill Orc Fighter on Dec 3, 2022.
             Slain by Crazy Yiuf
             ... wielding a +2 quarterstaff of chaos
              (12 damage)
             ... on level 2 of the Dungeon.
             The game lasted 00:02:38 (1681 turns).

p00ps00p the Trooper (Hill Orc Fighter)             Turns: 1681, Time: 00:02:39

Health: -2/41      AC:  7    Str: 20    XL:     4   Next: 96%
Magic:  4/4        EV:  9    Int:  8    God:
Gold:   87         SH:  4    Dex: 10    Spells: 3/3 levels left

rFire   . . .      SeeInvis .   a - +0 war axe
rCold   . . .      Faith    .   c - +0 buckler
rNeg    . . .      Spirit   .   b - +0 scale mail
rPois   .          Reflect  .   (no helmet)
rElec   .          Harm     .   (no cloak)
rCorr   .          Rampage  .   (no gloves)
Will    .....                   (no boots)
Stlth   ..........              (no amulet)
HPRegen 0.13/turn               (no ring)
MPRegen 0.09/turn               (no ring)

@: mighty, lethally poisoned (-2 -> -8)
A: no striking features
a: no special abilities


You were on level 2 of the Dungeon.
You visited 1 branch of the dungeon, and saw 2 of its levels.

You collected 87 gold pieces.

Inventory:

Hand Weapons
 a - a +0 war axe (weapon)
Armour
 b - a +0 scale mail (worn)
 c - a +0 buckler (worn)
Scrolls
 e - 2 scrolls of teleportation {unknown}
 h - 2 scrolls of poison {unknown}
 i - 2 scrolls of noise {unknown}
 j - a scroll of fog {unknown}
Potions
 f - a potion of cancellation {unknown}
 g - a potion of curing {unknown}
 k - a potion of brilliance {unknown}
 l - 3 potions of heal wounds {unknown}
 m - a potion of mutation {unknown}


   Skills:
 + Level 4.5 Fighting
 + Level 4.0 Axes
 + Level 4.1 Armour
 + Level 4.1 Shields


You had 3 spell levels left.
You didn't know any spells.
Your spell library was empty.

Dungeon Overview and Level Annotations

Branches:
Dungeon (2/15)

Altars:

Annotations:
D:2 Crazy Yiuf


Message History

You hit Jessica.
You kill Jessica!
Your Axes skill increases to level 4!
Your Shields skill increases to level 4!
Things that are here:
a +0 dagger; a +2 robe of cold resistance
Things that are here:
a +0 dagger; a +2 robe of cold resistance
Found a hammer.
l - 3 coppery potions (gained 2)
Found a hammer.
Found a hammer.
You see here a +0 hammer.
Found seven hammers.
Found a runed translucent door.
You see here a +0 hammer.
Found a hammer.
Crazy Yiuf shouts!
You see here a +0 hammer.
You see here a +0 hammer.
Found three hammers.
You see here a +0 hammer.
You feel very mighty all of a sudden.
You open the door.
Crazy Yiuf grits, "Hah!
Defame sing hand."
Crazy Yiuf drinks a potion.
Crazy Yiuf goes berserk!
Crazy Yiuf barely misses you.
Crazy Yiuf hits you with a +2 quarterstaff of chaos!
You are poisoned.
There is an open translucent door, spattered with blood here.
You barely miss Crazy Yiuf.
You feel very sick. Crazy Yiuf misses you.
Crazy Yiuf hits you with a +2 quarterstaff of chaos!
Crazy Yiuf burns you.
* * * LOW HITPOINT WARNING * * *
You slash Crazy Yiuf!
Crazy Yiuf is moderately wounded.
You feel sick.
Crazy Yiuf hits you with a +2 quarterstaff of chaos!
You die...

### #####
##.#####...##
#.#..†......#
.###.########
#.#.## ##.##
.†#######♣♣ ####
#.# #.....♣♣
♣♣#)))# #.#
#......♣♣♣♣)@g).#
#.#
#......)♣))♣#)))#
#.###.#...)♣)♣♣♣
####
.......##♣♣♣♣♣
.......# ##.##.##
#.##.# #.##..
#.#####


You could see Crazy Yiuf (berserk).

Vanquished Creatures
  Jessica (D:2)
  Natasha (D:2)
  2 adders (D:2)
  2 worms (D:2)
  3 dart slugs
  4 ball pythons
  3 endoplasms (D:1)
  A giant cockroach (D:2)
  2 goblins (D:1)
  6 hobgoblins
  5 kobolds
  A quokka (D:1)
  A frilled lizard (D:1)
  2 rats (D:1)
34 creatures vanquished.

Notes
Turn   | Place    | Note
-------+----------+-------------------------------------------
     0 | D:1      | p00ps00p the Hill Orc Fighter began the quest for the Orb.
     0 | D:1      | Reached XP level 1. HP: 19/19 MP: 1/1
   184 | D:1      | Found a faded altar of an unknown god.
   229 | D:1      | Reached XP level 2. HP: 27/27 MP: 2/2
   701 | D:1      | Reached XP level 3. HP: 33/33 MP: 3/3
  1291 | D:2      | Noticed Natasha
  1298 | D:2      | Killed Natasha
  1299 | D:2      | Reached XP level 4. HP: 32/41 MP: 4/4
  1559 | D:2      | Noticed Jessica
  1563 | D:2      | Killed Jessica
  1673 | D:2      | Found a runed translucent door.
  1674 | D:2      | Noticed Crazy Yiuf
  1681 | D:2      | Slain by Crazy Yiuf

Illustrated notes

Levels and vault maps discovered:
D:1:      saegor_arrival_simple_c, layout_loops_ring, basic_ecumenical_altar,
          chequers_serial_rivers_room_b
D:2:      layout_loops_ring, minmay_tiny_reverse_x, uniq_natasha, uniq_jessica,
          uniq_crazy_yiuf_cottage

Skill      XL: |  1  2  3  4 |
---------------+-------------+-----
Axes           | 3 4 |  4.0
Fighting       | 4 |  4.5
Armour         | 4 |  4.1
Shields        | 4 |  4.1

Action                   |  1- 3 |  4- 6 || total
-------------------------+-------+-------++-------
Melee: War axe           |    87 |    30 ||   117
  Use: Potion            |       |     1 ||     1
Armor: Scale mail        |    38 |    15 ||    53
Dodge: Dodged            |    39 |    10 ||    49
Block: Buckler           |    19 |     4 ||    23
